 Dungeon Crawl Stone Soup version 0.24.1-14-gf8d2b509d9 (webtiles) character file.

Game seed: 15896381806918736059, levelgen mode: deterministic

670324 Hugehornet the Impregnable (level 27, -6/172 HPs)
             Began as a Gargoyle Fighter on May 26, 2020.
             Was the Champion of Cheibriados.
             Mangled by an Orb Guardian (24 damage)
             ... on level 5 of the Realm of Zot.
             The game lasted 04:33:17 (72581 turns).

Hugehornet the Impregnable (Gargoyle Fighter)      Turns: 72581, Time: 04:33:18

Health: -6/172     AC: 60    Str: 49 (50) XL:     27
Magic:  12/27      EV: 21    Int: 33      God:    Cheibriados [******]
Gold:   6362       SH: 30    Dex: 22      Spells: 6/53 levels left

rFire    + + +     SeeInvis +   p - +6 hand axe of Propriety {vamp, MR+}
rCold    + + +     Gourm    .   R - +2 shield of Resistance {rF+ rC+ MR+}
rNeg     + . .     Faith    .   I - +7 gold dragon scales
rPois    ∞         Spirit   .   (helmet restricted)
rElec    +         Reflect  +   g - scarf {repulsion}
rCorr    .         Harm     .   B - +3 pair of gauntlets of War {Slay+5}
MR       +++++                  H - +0 pair of boots "Ynoannef" {Str+8}
Stlth    ..........             q - brooch of Shielding {Reflect SH+8}
HPRegen  0.38/turn              P - ring "Buomm" {rPois MR+++ MP-9 EV+3 Dex-5}
MPRegen  0.20/turn              n - ring of the Duchess {*Corrode rF+ Dex+3 SInv}

@: mighty, about to teleport, flying, repel missiles, very slow
A: big wings, beak, cold resistance 1, deterioration 1, dopey 1, low mp 1, magic
resistance 1, negative energy resistance 1, electricity resistance, unbreathing,
petrification resistance, rot immunity, subdued magic 2, AC +20
}: 3/15 runes: serpentine, barnacled, silver
a: Stop Flying, Bend Time, Temporal Distortion, Slouch, Step From Time, Renounce
Religion


You were on level 5 of the Realm of Zot.
You worshipped Cheibriados.
Cheibriados was exalted by your worship.
You were not hungry.

You visited 10 branches of the dungeon, and saw 52 of its levels.
You visited the Abyss 2 times.
You also visited: Trove, Gauntlet, Ice Cave, Wizlab and Desolation.

You collected 8221 gold pieces.
You spent 1859 gold pieces at shops.

Inventory:

Hand Weapons
 d - the +8 whip "Snakebite" {curare, rPois}
   (You took it off a deep elf elementalist on level 3 of the Elven Halls)

   It poisons the flesh of those it strikes.
   It protects you from poison.
 p - the +6 hand axe of Propriety (weapon) {vamp, MR+}
   (You found it on level 12 of the Dungeon)

   It inflicts no extra harm, but heals its wielder when it wounds a living foe.
   It affects your resistance to hostile enchantments.
 E - a +9 demon trident of electrocution
 L - a +9 sacred scourge of holy wrath
 X - the +11 broad axe of the Briny Deep {chop, rElec Int+2 SInv}
   (You found it on level 1 of the Depths)

   It inflicts extra damage upon your enemies.
   It affects your intelligence (+2).
   It insulates you from electricity.
   It lets you see invisible.
Armour
 g - a scarf of repulsion (worn)
 h - the +2 helmet "Damnable Contraption" {rCorr Int+2}
   (You found it in a Gauntlet)

   It affects your intelligence (+2).
   It provides partial protection from all sources of acid and corrosion.
 A - the -1 helmet of Edolycir {rPois rN++ MR+}
   (You acquired it on level 13 of the Dungeon)

   It protects you from poison.
   It greatly protects you from negative energy.
   It affects your resistance to hostile enchantments.
 B - the +3 pair of gauntlets of War (worn) {Slay+5}
   (You bought it in a shop on level 2 of the Orcish Mines)

   It affects your accuracy and damage with ranged weapons and melee attacks
   (+5).
 F - the +2 cloak "Sihix" {Dex+4}
   (You acquired it on level 13 of the Dungeon)

   It affects your dexterity (+4).
 H - the +0 pair of boots "Ynoannef" (worn) {Str+8}
   (You found it on level 11 of the Dungeon)

   It affects your strength (+8).
 I - +7 gold dragon scales (worn)
 R - the +2 shield of Resistance (worn) {rF+ rC+ MR+}
   (You found it on level 2 of the Vaults)

   It protects you from fire.
   It protects you from cold.
   It affects your resistance to hostile enchantments.
Jewellery
 a - the ring "Kumyjipt" {*Corrode rC+ rN+ Str+3}
   (You found it on level 2 of the Depths)

   [ring of positive energy]

   It affects your strength (+3).
   It protects you from cold.
   It protects you from negative energy.
   It may corrode you when you take damage.
 n - the ring of the Duchess (right hand) {*Corrode rF+ Dex+3 SInv}
   (You found it on level 3 of the Elven Halls)

   [ring of see invisible]

   It affects your dexterity (+3).
   It protects you from fire.
   It lets you see invisible.
   It may corrode you when you take damage.
 q - the brooch of Shielding (around neck) {Reflect SH+8}
   (You took it off a deep elf mage on level 5 of the Vaults)

   [amulet of reflection]

   It shields you and reflects attacks.
   It affects your SH (+8).
 v - the ring "Fuecs" {Str+5 Slay+2 Stlth-}
   (You took it off an imperial myrmidon in the Desolation of Salt)

   [ring of slaying]

   It affects your strength (+5).
   It affects your accuracy and damage with ranged weapons and melee attacks
   (+2).
   It makes you less stealthy.
 P - the ring "Buomm" (left hand) {rPois MR+++ MP-9 EV+3 Dex-5}
   (You found it on level 3 of the Depths)

   [ring of evasion]

   It affects your evasion (+3).
   It affects your dexterity (-5).
   It protects you from poison.
   It affects your resistance to hostile enchantments.
   It affects your magic capacity (-9).
 W - the ring of the Skies Above {rPois rF+ Str+4}
   (You took it off a deep elf elementalist on level 3 of the Elven Halls)

   [ring of poison resistance]

   It affects your strength (+4).
   It protects you from fire.
   It protects you from poison.
Wands
 i - a wand of digging (18)
 T - a wand of clouds (3)
 Z - a wand of disintegration (15)
Scrolls
 e - 12 scrolls of immolation
 j - 24 scrolls of remove curse
 o - 11 scrolls of fear
 t - 9 scrolls of magic mapping
 w - 10 scrolls of amnesia
 x - 30 scrolls of teleportation
 y - 2 scrolls of silence
 D - 3 scrolls of brand weapon
 G - 4 scrolls of holy word
 M - 4 scrolls of vulnerability
 Q - 5 scrolls of torment
 S - 7 scrolls of fog
 U - 2 scrolls of summoning
 V - 3 scrolls of blinking
 Y - a scroll of identify
Potions
 b - 4 potions of ambrosia
 k - 3 potions of invisibility
 l - 3 potions of mutation
 m - 15 potions of curing
 r - 15 potions of brilliance
 s - 6 potions of magic
 u - 3 potions of agility
 z - 8 potions of cancellation
 J - 3 potions of resistance
 N - 3 potions of might
Comestibles
 f - 99 rations


   Skills:
 + Level 17.2 Fighting
 - Level 15.0(16.8) Axes
 - Level 9.9(14.1) Maces & Flails
 - Level 10.5(14.0) Polearms
 * Level 24.2 Armour
 + Level 11.4 Dodging
 * Level 22.0 Shields
 + Level 13.7 Spellcasting
 - Level 13.0 Conjurations
 - Level 8.2 Hexes
 * Level 6.2 Summonings
 - Level 3.0 Necromancy
 - Level 3.0 Translocations
 - Level 8.5 Fire Magic
 - Level 12.2 Ice Magic
 - Level 11.9 Air Magic
 - Level 4.3 Poison Magic
 - Level 12.7 Invocations


You had 6 spell levels left.
You knew the following spells:

 Your Spells              Type           Power        Failure   Level  Hunger
a - Fireball              Conj/Fire      ######....   1%          5    None
b - Blink                 Tloc           N/A          1%          2    None
c - Mephitic Cloud        Conj/Pois/Air  ######..     1%          3    None
d - Bolt of Draining      Conj/Necr      #####.....   4%          5    None
e - Cause Fear            Hex            #####.....   1%          4    None
f - Aura of Abjuration    Summ           #####.....   10%         5    None
g - Freezing Cloud        Conj/Ice/Air   ######....   3%          6    ###....
h - Corpse Rot            Necr           N/A          1%          2    None
i - Ignite Poison         Fire/Tmut/Pois ####....     1%          3    None
j - Olgreb's Toxic Radia  Pois           ####....     7%          4    None
k - Silence               Hex/Air        ######....   1%          5    None
l - Lesser Beckoning      Tloc           ####......   3%          3    None

Your spell library contained the following spells:

 Spells                   Type           Power        Failure   Level  Hunger
 Freeze                   Ice            ####         0%          1    None
 Magic Dart               Conj           ####         0%          1    None
 Shock                    Conj/Air       ####         0%          1    None
 Searing Ray              Conj           ######       0%          2    None
 Throw Frost              Conj/Ice       ######       0%          2    None
 Animate Skeleton         Necr           N/A          1%          1    None
 Confusing Touch          Hex            #####.       1%          1    None
 Corona                   Hex            #####..      1%          1    None
 Flame Tongue             Conj/Fire      #####        1%          1    None
 Pain                     Necr           ####         1%          1    None
 Sting                    Conj/Pois      ####         1%          1    None
 Summon Small Mammal      Summ           ####         1%          1    None
 Call Imp                 Summ           #####...     1%          2    None
 Ensorcelled Hibernation  Hex/Ice        ######       1%          2    None
 Poisonous Vapours        Pois/Air       #####.       1%          2    None
 Slow                     Hex            #####...     1%          2    None
 Throw Flame              Conj/Fire      ######       1%          2    None
 Call Canine Familiar     Summ           #####...     1%          3    None
 Confuse                  Hex            #####...     1%          3    None
 Conjure Flame            Conj/Fire      ######..     1%          3    None
 Dazzling Spray           Conj/Hex       ######       1%          3    None
 Inner Flame              Hex/Fire       #####...     1%          3    None
 Ozocubu's Armour         Chrm/Ice       #####...     1%          3    None
 Recall                   Summ/Tloc      N/A          1%          3    None
 Spectral Weapon          Hex/Chrm       ####....     1%          3    None
 Static Discharge         Conj/Air       ######..     1%          3    None
 Stone Arrow              Conj/Erth      #####.       1%          3    None
 Summon Guardian Golem    Hex/Summ       #####...     1%          3    None
 Tukima's Dance           Hex            #####...     1%          3    None
 Force Lance              Conj/Tloc      #####...     1%          4    None
 Fulminant Prism          Conj/Hex       ######....   1%          4    None
 Iskenderun's Mystic Bla  Conj           ######..     1%          4    None
 Sticky Flame             Conj/Fire      ######..     1%          4    None
 Summon Ice Beast         Ice/Summ       ######..     1%          4    None
 Summon Lightning Spire   Summ/Air       ######..     1%          4    None
 Throw Icicle             Conj/Ice       ######..     1%          4    None
 Lightning Bolt           Conj/Air       ######....   1%          5    None
 Metabolic Englaciation   Hex/Ice        ######....   1%          5    None
 Venom Bolt               Conj/Pois      #####.....   2%          5    None
 Beastly Appendage        Tmut           ##....       3%          1    None
 Sandblast                Erth           ##....       3%          1    None
 Shroud of Golubria       Chrm/Tloc      ###...       3%          2    None
 Gell's Gravitas          Tloc           ####......   3%          3    None
 Teleport Other           Tloc           ####....     3%          3    None
 Vampiric Draining        Necr           ####......   3%          3    None
 Conjure Ball Lightning   Conj/Air       ######....   3%          6    ###....
 Summon Mana Viper        Hex/Summ       #####...     5%          5    None
 Passwall                 Tmut/Erth      ##......     6%          2    None
 Song of Slaying          Chrm           ##......     6%          2    None
 Bolt of Magma            Conj/Fire/Erth #####.....   6%          5    None
 Regeneration             Chrm/Necr      ###.......   7%          3    None
 Leda's Liquefaction      Hex/Erth       ####......   8%          4    None
 Bolt of Fire             Conj/Fire      ######....   8%          6    ###....
 Summon Demon             Summ           #####.....   10%         5    None
 Animate Dead             Necr           N/A          13%         4    None
 Passage of Golubria      Tloc           N/A          13%         4    None
 Summon Forest            Summ/Tloc      ####......   19%         5    None
 Yara's Violent Unravell  Hex/Tmut       ####......   24%         5    None
 Darkness                 Hex            #####.....   24%         6    ###....
 Agony                    Necr           ####....     36%         5    None
 Dispel Undead            Necr           ####....     36%         5    None
 Petrify                  Tmut/Erth      ##......     45%         4    None
 Iron Shot                Conj/Erth      #####.....   47%         6    ###....
 Shadow Creatures         Summ           N/A          52%         6    ###....
 Borgnjor's Vile Clutch   Necr/Erth      ###.......   58%         5    None
 Excruciating Wounds      Chrm/Necr      ###.......   58%         5    None
 Blade Hands              Tmut           ##........   82%         5    None
 Lee's Rapid Deconstruct  Erth           ##........   82%         5    None
 Hydra Form               Tmut           ##........   100%        6    ###....
 Monstrous Menagerie      Summ           #####.....   98%         7    #####..
 Summon Greater Demon     Summ           #####.....   98%         7    #####..
 Summon Hydra             Summ           #####.....   98%         7    #####..
 Malign Gateway           Summ/Tloc      ####......   100%        7    #####..
 Ring of Flames           Chrm/Fire      ####......   100%        7    #####..
 Ignition                 Fire           #####.....   100%        8    ######.
 Lehudib's Crystal Spear  Conj/Erth      #####.....   100%        8    ######.
 Summon Horrible Things   Summ           #####.....   100%        8    ######.
 Dragon's Call            Summ           #####.....   100%        9    #######
 Shatter                  Erth           ##........   100%        9    #######
 Tornado                  Air            ######....   100%        9    #######
 Sublimation of Blood     Necr           Unusable     N/A         2    N/A

Dungeon Overview and Level Annotations

Branches:
Dungeon (15/15)            Temple (0/1) D:5            Lair (6/6) D:8
 Shoals (4/4) Lair:4        Snake (4/4) Lair:4        Slime (0/5) Lair:5
    Orc (2/2) D:9             Elf (3/3) Orc:2        Vaults (5/5) D:14
  Crypt (3/3) Vaults:3       Tomb (0/3) Crypt:3      Depths (5/5) D:15
    Zot (5/5) Depths:5      IceCv (visited)          WizLab (visited)
Desolation (visited)      Gauntlet (visited)

Altars:
Cheibriados
Dithmenos
Elyvilon
Fedhas
Hepliaklqana
Kikubaaqudgha
Okawaru
Ru
Sif Muna
Vehumet
Wu Jian
Xom
Yredelemnul
Zin
The Shining One
Beogh
Jiyva

Shops:
D:5 =   D:10 %   D:12 =   Orc:1 =   Orc:2 *%!%   Elf:1 =   Elf:2 (   Elf:3 %
Shoals:2 }*(   Snake:2 *}}=%(*   Vaults:2 ?

Portals:
Hell: Depths:1 Depths:2 Depths:3 Depths:4 Depths:5
Abyss: Depths:4
Pandemonium: Depths:1 Depths:3
Ziggurat: Depths:4

Annotations:
D:4 exclusion: statue
Lair:4 2 transporters
Lair:5 exclusion: oklob plant
Snake:2 1 runed translucent door, RitorJet's ghost, journeyman FoFi
Zot:2 1 transporter


Innate Abilities, Weirdness & Mutations

You are resistant to torment.
Your stone body is resilient. (AC +20)
You are immune to poison.
Your large and strong wings let you fly indefinitely.
You resist negative energy. (rN+)
You are resistant to electric shocks. (rElec)
You can survive without breathing.
You are immune to petrification.
You are immune to rotting.
You have a beak for a mouth.
Your flesh is cold resistant. (rC+)
Your body sometimes deteriorates upon taking damage.
You are dopey. (Int -2)
Your magical capacity is low. (-10% MP)
You are resistant to hostile enchantments. (MR+)
Your spells are easier to cast, but less powerful.


Message History

The white draconian completely misses you.
The storm dragon misses you. The storm dragon claws you.
* * * LOW HITPOINT WARNING * * *
The storm dragon tramples you but does no damage.
Your +9 sacred scourge of holy wrath stops glowing.
You feel a sense of dread.
p - the +6 hand axe of Propriety (weapon)
{vamp, MR+} The Orb Guardian completely misses you.
You block the Orb Guardian's attack.
You slice the storm dragon!!
You kill the storm dragon!
Cheibriados appreciates the change of pace.
You slash the Orb Guardian! You barely miss the Orb Guardian.
You slice the Orb Guardian!!
You kill the Orb Guardian!
Cheibriados thoroughly appreciates the change of pace.
The Orb Guardian misses you. You block the Orb Guardian's attack.
The moth of wrath goads the white draconian on!
The white draconian goes berserk!
You block the reaper's attack. The Orb Guardian hits you!!
You die...

# .. ...###########.
#..............
#.............
#.....@†...../
##....XX1....#
#...y2d.....#
#....2L.....#
#.............
#.............
#.......D†.....
#####▓▓▓▓########.######
............####.)#


You could see an ancient lich, a storm dragon, an Ice Fiend, a white draconian
(berserk), 2 Orb Guardians, a reaper, a moth of wrath and a hellion.

Vanquished Creatures
  Khufu (Crypt:3)
  4 orbs of fire
  Mara (Vaults:2)
  2 ancient liches
  A Killer Klown (Zot:3)
  Frederick (Vaults:3)
  Bai Suzhen (Vaults:5)
  A curse toe (Zot:3)
  7 golden dragons
  A profane servitor (Crypt:3)
  Nikola (Shoals:3)
  3 bone dragons
  6 liches
  An electric golem (Zot:1)
  Rupert (D:15)
  9 Orb Guardians (Zot:5)
  A moon troll (WizLab)
  A deep elf master archer (Elf:3)
  10 tentacled monstrosities
  A deep elf blademaster (Elf:3)
  13 quicksilver dragons
  4 krakens (Shoals:3)
  An ancient champion (Crypt:3)
  8 death cobs
  Polyphemus (Shoals:2)
  Gastronok (D:10)
  10 tentacled starspawn
  3 sphinxes
  2 draconian monks
  9 shadow dragons
  11 storm dragons
  Kirke (Lair:4)
  Ilsuiw (Shoals:4)
  5 tengu reavers
  3 revenants
  6 nagarajas
  5 fire giants
  8 frost giants
  An azure jelly (Shoals:2)
  7 draconian knights
  2 iron dragons (Depths:5)
  4 orc warlords (Depths:1)
  A balrug (Depths:1)
  15 vault wardens
  5 draconian scorchers
  3 cacodemons
  A ghost moth (Zot:1)
  6 imperial myrmidons (Desolation)
  13 deep elf sorcerers
  6 deep elf elementalists (Elf:3)
  Louise (D:15)
  8 draconian stormcallers
  3 war gargoyles
  6 draconian shifters
  6 ghouls
  2 angels (Elf:1)
  A caustic shrike skeleton (Crypt:1)
  3 draconian annihilators
  2 entropy weavers
  13 ironheart preservers
  4 vampire knights
  3 spriggan defenders
  A reaper (Crypt:2)
  6 deep elf demonologists
  27 very ugly things
  2 juggernaut skeletons (Depths:3)
  29 stone giants
  5 black draconians
  2 halazid warlocks (Desolation)
  9 white draconians
  11 purple draconians
  8 deep elf annihilators
  6 yellow draconians
  5 green draconians
  11 red draconians
  A minotaur (Gauntlet)
  4 eidola
  4 crystal guardians
  10 deep elf death magi
  13 fire dragons
  18 jiangshi
  13 ettins
  2 mummy priests (Crypt:3)
  7 merfolk javelineers
  Josephine (Orc:1)
  9 merfolk impalers
  17 ragged hierophants (Desolation)
  5 deep elf high priests
  20 great orbs of eyes
  Fannar (D:10)
  4 servants of whispers (Desolation)
  14 ogre magi
  5 rakshasas
  11 peacekeepers (Desolation)
  17 yaktaur captains
  5 hydras
  13 naga warriors
  Harold (D:9)
  7 anacondas
  33 vault guards
  An alligator snapping turtle (Shoals:1)
  4 catoblepae
  6 merfolk avatars
  10 ice dragons
  14 centaur warriors
  The ghost of harkrass the Basher, a novice MiFi of Okawaru (D:10)
  33 two-headed ogres
  7 death knights
  21 tengu warriors
  14 deep troll shamans
  21 dancing weapons
  14 naga sharpshooters
  7 death yaks
  5 deep troll earth magi
  4 vampire magi
  7 thrashing horrors
  6 merfolk aquamancers
  2 death scarabs (Gauntlet)
  5 spriggan berserkers
  Urug (Orc:1)
  An orc high priest (Elf:2)
  6 shock serpents
  A sun demon (Depths:3)
  13 deep elf knights
  2 shadow wraiths
  2 soul eaters
  6 iron trolls
  3 wretched stars
  3 titan skeletons (Depths:3)
  A sixfirhy (Abyss:2)
  11 hell knights
  11 slime creatures
  A fire crab (shapeshifter) (D:14)
  A golden dragon zombie (Depths:2)
  40 skeletal warriors
  2 salamander mystics
  12 sea snakes
  An orange crystal statue (WizLab)
  2 storm dragon skeletons (Depths:3)
  8 unseen horrors
  10 flayed ghosts
  A torturous demonspawn (Depths:3)
  A spectral hydra (Gauntlet)
  6 naga ritualists
  A shadow dragon zombie (Crypt:3)
  10 glowing orange brains
  22 ironbrand convokers
  29 deep trolls
  9 deep elf archers
  9 wizards
  30 orc knights
  Pikel (D:5)
  17 harpies
  16 large abominations
  7 phantasmal warriors
  5 necromancers
  3 wolf spiders
  A tengu skeleton (Depths:3)
  3 orc sorcerers
  13 mana vipers
  10 cyclopes
  A faun (shapeshifter) (Vaults:3)
  13 manticores
  2 mana vipers (shapeshifter)
  47 ugly things
  A shadow dragon skeleton (Depths:3)
  3 worldbinders
  57 deep elf magi
  13 salamanders
  An iron dragon skeleton (Depths:3)
  11 fauns (Shoals:2)
  13 guardian serpents
  4 fire giant skeletons
  20 moths of wrath
  5 ice statues (IceCv)
  6 elephants (Lair:5)
  Joseph (Lair:1)
  3 frost giant skeletons
  Maurice (D:9)
  15 naga magi
  10 vault sentinels
  4 eyes of devastation (WizLab)
  A catoblepas zombie (Crypt:1)
  22 black mambas
  2 black mambas (shapeshifter) (Vaults:2)
  13 merfolk sirens
  2 gargoyles
  A smoke demon (Abyss:2)
  4 water nymphs
  An orange demon (Abyss:3)
  A molten gargoyle (Desolation)
  8 spiny frogs
  2 centaur skeletons (D:14)
  A guardian serpent (shapeshifter) (Vaults:4)
  2 rime drakes
  9 freezing wraiths
  65 yaktaurs
  A kobold demonologist (D:13)
  2 tengu conjurers
  An efreet (D:14)
  A komodo dragon (shapeshifter) (Depths:1)
  4 ice devils
  4 anaconda simulacra
  A ghost moth simulacrum (Crypt:3)
  3 komodo dragons
  9 guardian mummies
  An ancient zyme (Abyss:3)
  2 yaktaurs (shapeshifter)
  A golden dragon simulacrum (IceCv)
  4 elf skeletons (Depths:3)
  A queen ant zombie (Crypt:2)
  A white draconian skeleton (Crypt:2)
  A hellwing (Depths:1)
  A queen bee (Lair:3)
  7 trolls
  A red devil (Depths:1)
  A polar bear (shapeshifter) (Depths:1)
  2 spriggan skeletons (Depths:3)
  A harpy zombie (D:14)
  37 merfolk
  A meliai (shapeshifter) (Depths:2)
  5 hornets
  9 wind drakes
  18 dream sheep
  Grinder (D:5)
  2 raiju
  82 saltlings (Desolation)
  A bog body (Crypt:2)
  A raiju (shapeshifter) (Depths:5)
  A harpy skeleton (D:14)
  8 snapping turtles
  An alligator zombie (Crypt:2)
  19 blink frogs
  12 hippogriffs
  An iron dragon simulacrum (Crypt:3)
  A guardian serpent skeleton (Crypt:2)
  4 shadows
  A spectral black mamba (Gauntlet)
  2 spriggans (shapeshifter)
  66 flying skulls
  19 water elementals
  2 redbacks (Vaults:5)
  3 ynoxinuls
  3 air elementals
  16 wraiths
  2 spriggans
  4 fire elementals
  2 tarantellas (Vaults:5)
  3 wyverns
  31 yaks
  18 humans (D:14)
  A hog (Lair:4)
  A basilisk (shapeshifter) (Vaults:2)
  5 basilisks
  5 golden eyes (WizLab)
  6 hungry ghosts
  3 neqoxecs
  8 wargs
  4 vampire mosquitoes (D:14)
  4 chaos spawn (Depths:4)
  Menkaure (D:5)
  2 harpy simulacra (IceCv)
  39 nagas
  4 acid dragons
  2 swamp worms (shapeshifter)
  An iron troll simulacrum (IceCv)
  Duvessa (D:5)
  3 floating eyes
  10 water moccasins
  A soldier ant (shapeshifter) (Vaults:2)
  2 hydra simulacra (IceCv)
  12 ice beasts
  46 orc warriors
  A swamp drake (D:9)
  7 porcupines
  2 hornet zombies
  An elephant zombie (Crypt:2)
  4 eyes of draining
  4 sky beasts
  A sky beast (shapeshifter) (Vaults:5)
  An eye of draining (shapeshifter) (D:15)
  9 necrophages
  A black bear (D:8)
  4 phantoms
  A black bear (shapeshifter) (Vaults:2)
  5 wolves
  18 centaurs
  27 ogres
  8 boggarts
  7 crocodiles
  A big kobold (D:12)
  15 bullfrogs
  A gnoll sergeant (D:9)
  3 earth elementals
  Dowan (D:5)
  3 scorpions
  2 troll zombies (D:7)
  A warg skeleton (Crypt:2)
  41 killer bees
  17 wights
  A troll skeleton (Crypt:1)
  3 electric eels
  8 howler monkeys
  A howler monkey (shapeshifter) (Vaults:5)
  12 crimson imps
  3 quasits
  5 jellies
  3 bullfrog zombies
  19 starcursed masses
  7 centaur zombies
  7 hounds
  18 orc priests
  2 gnoll shamans
  4 human zombies
  A bullfrog skeleton (D:13)
  25 orc wizards
  A basilisk skeleton (Crypt:2)
  Ijyb (D:4)
  6 human skeletons
  8 iguanas
  Natasha (D:4)
  9 worker ants
  18 small abominations
  A killer bee zombie (D:9)
  A big kobold zombie (Crypt:1)
  An ogre zombie (D:7)
  A deep dwarf skeleton (Crypt:1)
  A hound zombie (D:8)
  A crocodile skeleton (Crypt:2)
  A dwarf skeleton (Crypt:1)
  A hound skeleton (D:10)
  2 worker ant zombies
  5 mummies
  16 adders
  18 gnolls
  A howler monkey skeleton (D:5)
  3 shadow imps
  6 white imps (Gauntlet)
  An ufetubus (Abyss:2)
  An ooze (D:3)
  3 adder skeletons
  2 adder zombies
  An iguana skeleton (Crypt:2)
  5 worms
  2 dart slugs (D:1)
  6 leopard geckos
  122 orcs
  2 ball pythons
  6 bats
  2 giant cockroaches
  4 goblins
  8 hobgoblins
  12 jackals
  9 kobolds
  4 quokkas
  A ball python zombie (Crypt:2)
  3 frilled lizards
  2 leopard gecko skeletons
  2 orc skeletons (D:7)
  A quokka skeleton (Crypt:1)
  4 rats
  A crawling corpse (Vaults:5)
  41 fungi (Elf:3)
  3 plants
  16 starspawn tentacles
  21 tentacles (Shoals:3)
2778 creatures vanquished.

Vanquished Creatures (others)
  A deep elf master archer (Elf:3)
  4 stone giants
  4 yaktaur captains
  A centaur warrior (Vaults:1)
  A death yak (Lair:6)
  4 naga sharpshooters (Snake:4)
  A deep elf knight (Elf:2)
  3 deep elf archers
  A harpy (shapeshifter) (Abyss:2)
  A deep elf mage (Elf:1)
  6 cyclopes
  4 fauns
  2 naga magi (Snake:4)
  15 yaktaurs
  A freezing wraith (Vaults:4)
  A merfolk (Shoals:4)
  A hornet (Vaults:5)
  2 humans (Lair:4)
  A naga (Snake:4)
  An orc warrior (Vaults:4)
  3 boggarts (Vaults:2)
  4 centaurs
  A scorpion (D:11)
  An orc priest (Vaults:5)
  An adder (D:5)
  2 orcs
  A jackal zombie (D:5)
  2 demonic plants (WizLab)
  3 fungi
  A lurking horror (Abyss:2)
  9 plants
  17 starspawn tentacles
  32 tentacles (Shoals:3)
  2 withered plants (D:10)
134 creatures vanquished.

Grand Total: 2912 creatures vanquished

Notes
Turn   | Place    | Note
-------+----------+-------------------------------------------
     0 | D:1      | Hugehornet the Gargoyle Fighter began the quest for the
                  | Orb.
     0 | D:1      | Reached XP level 1. HP: 14/14 MP: 1/1
    60 | D:1      | Reached XP level 2. HP: 19/19 MP: 2/2
   727 | D:2      | Noticed a bullfrog
   735 | D:2      | Reached XP level 3. HP: 16/23 MP: 3/3
   773 | D:2      | Killed a bullfrog
   773 | D:2      | Reached XP level 4. HP: 19/28 MP: 4/4
   939 | D:2      | Reached XP level 5. HP: 32/32 MP: 5/5
  1605 | D:3      | Found a snail-covered altar of Cheibriados.
  1664 | D:3      | Became a worshipper of Cheibriados the Contemplative
  1748 | D:3      | Found a faded altar of an unknown god.
  1788 | D:3      | Reached skill level 5 in Axes
  2030 | D:3      | Found a white marble altar of Elyvilon.
  2051 | D:3      | Reached * piety under Cheibriados
  2062 | D:3      | Reached XP level 6. HP: 32/37 MP: 6/6
  2188 | D:4      | Noticed Ijyb
  2210 | D:4      | Killed Ijyb
  2344 | D:4      | Noticed Natasha
  2356 | D:4      | Killed Natasha
  2637 | D:4      | Reached XP level 7. HP: 41/41 MP: 7/7
  2637 | D:4      | Reached ** piety under Cheibriados
  2915 | D:4      | Found a radiant altar of Vehumet.
  3167 | D:5      | Entered Level 5 of the Dungeon
  3209 | D:5      | Found a shadowy altar of Dithmenos.
  3239 | D:5      | Noticed Menkaure
  3248 | D:5      | Killed Menkaure
  3248 | D:5      | Reached XP level 8. HP: 15/46 MP: 8/8
  3462 | D:5      | Found a staircase to the Ecumenical Temple.
  3483 | D:5      | Noticed Dowan
  3484 | D:5      | Noticed Duvessa
  3497 | D:5      | Killed Duvessa
  3501 | D:5      | Killed Dowan
  3513 | D:5      | Found Suop's Jewellery Shop.
  3550 | D:5      | Noticed Grinder
  3562 | D:5      | Killed Grinder
  3562 | D:5      | Reached *** piety under Cheibriados
  3757 | D:5      | Noticed Pikel
  3773 | D:5      | Killed Pikel
  3773 | D:5      | Reached skill level 10 in Axes
  3773 | D:5      | Reached XP level 9. HP: 51/51 MP: 9/9
  3940 | D:5      | Found a glowing golden altar of the Shining One.
  4710 | D:6      | Reached **** piety under Cheibriados
  4980 | D:6      | You fall into a shaft and drop 3 floors!
  4980 | D:9      | Noticed Maurice
  4990 | D:9      | Killed Maurice
  5127 | D:9      | Found a glowing silver altar of Zin.
  5359 | D:8      | Found an ornate altar of the Wu Jian Council.
  5374 | D:8      | Reached skill level 1 in Invocations
  5383 | D:8      | Reached XP level 10. HP: 41/56 MP: 10/10
  5387 | D:8      | Reached skill level 4 in Armour
  5633 | D:7      | Found a shimmering altar of Xom.
  5666 | D:7      | Reached ***** piety under Cheibriados
  5943 | D:6      | Found a sacrificial altar of Ru.
  6412 | D:7      | Reached skill level 5 in Armour
  6448 | D:7      | Found a hazy altar of Hepliaklqana.
  6607 | D:7      | Reached skill level 5 in Shields
  6839 | D:7      | Found an ancient bone altar of Kikubaaqudgha.
  7313 | D:8      | Reached skill level 1 in Maces & Flails
  7359 | D:8      | Noticed a two-headed ogre
  7365 | D:8      | Killed a two-headed ogre
  7365 | D:8      | Reached skill level 6 in Armour
  7523 | D:8      | Reached XP level 11. HP: 59/62 MP: 13/13
  7643 | D:8      | Found a staircase to the Lair.
  7697 | D:9      | Reached skill level 5 in Fighting
  7922 | D:9      | Noticed Harold
  7932 | D:9      | Killed Harold
  8030 | D:9      | Reached ****** piety under Cheibriados
  8309 | D:9      | Noticed a two-headed ogre
  8319 | D:9      | Killed a two-headed ogre
  8319 | D:9      | Reached skill level 7 in Armour
  8492 | D:9      | Found a staircase to the Orcish Mines.
  8804 | Lair:1   | Entered Level 1 of the Lair of Beasts
  9025 | Lair:1   | Noticed Joseph
  9040 | Lair:1   | Killed Joseph
  9874 | Lair:2   | Noticed a six-headed hydra
  9881 | Lair:2   | Killed a six-headed hydra
  9895 | Lair:2   | Reached skill level 8 in Armour
 10276 | Lair:2   | Reached skill level 5 in Maces & Flails
 10276 | Lair:2   | Reached XP level 12. HP: 70/70 MP: 15/15
 10291 | Lair:2   | Learned a level 5 spell: Fireball
 10852 | Lair:3   | Reached skill level 5 in Invocations
 11718 | Lair:4   | Found a staircase to the Shoals.
 11754 | Lair:4   | Noticed Kirke
 11774 | Lair:4   | Killed Kirke
 11774 | Lair:4   | Reached skill level 9 in Armour
 11868 | Lair:4   | Noticed a seven-headed hydra
 11875 | Lair:4   | Killed a seven-headed hydra
 11910 | Lair:4   | Found a staircase to the Snake Pit.
 12267 | Lair:4   | Found a transporter.
 12606 | Lair:4   | Found a transporter.
 13083 | Lair:5   | Reached XP level 13. HP: 52/76 MP: 17/17
 13410 | Lair:5   | Found a viscous altar of Jiyva.
 13411 | Lair:5   | Found a staircase to the Slime Pits.
 14086 | Lair:5   | Reached skill level 1 in Conjurations
 14097 | Lair:5   | Reached skill level 1 in Fire Magic
 14446 | Lair:6   | Entered Level 6 of the Lair of Beasts
 14451 | Lair:6   | Reached skill level 10 in Armour
 14469 | Lair:6   | Reached skill level 10 in Shields
 14654 | Lair:6   | Reached skill level 1 in Spellcasting
 15911 | Lair:6   | Gained mutation: Your large and strong wings let you fly
                  | indefinitely. [Gargoyle growth]
 15911 | Lair:6   | Reached XP level 14. HP: 74/83 MP: 19/19
 15958 | Lair:6   | Identified the Incunabulum of Clay and Boosts
 16049 | Lair:6   | Found the +3 robe of Folly {Archmagi, MR-- Int+5}
 16713 | D:10     | Entered Level 10 of the Dungeon
 16715 | D:10     | Noticed Fannar
 16735 | D:10     | Killed Fannar
 17122 | D:10     | Noticed Gastronok
 17139 | D:10     | Killed Gastronok
 17160 | D:10     | Learned a level 2 spell: Blink
 17164 | D:10     | Learned a level 3 spell: Mephitic Cloud
 17280 | D:10     | Reached skill level 1 in Translocations
 17362 | D:10     | Reached skill level 11 in Armour
 17516 | D:10     | Found a runed translucent door.
 17517 | D:10     | Noticed harkrass's ghost (novice MiFi)
 17613 | D:10     | Found Fokiuci's Food Shoppe.
 18159 | D:11     | Got a pair of scorched boots
 18170 | D:11     | Identified the +0 pair of boots "Ynoannef" {Str+8} (You
                  | found it on level 11 of the Dungeon)
 19294 | D:12     | Found a portal to a secret trove of treasure.
 19622 | D:12     | Found Caqog's Jewellery Boutique.
 19625 | D:12     | Bought a cursed ring of see invisible for 192 gold pieces
 20319 | D:13     | Reached XP level 15. HP: 86/89 MP: 21/21
 20538 | D:13     | Found a blossoming altar of Fedhas.
 20772 | D:14     | Got a pitted war axe
 20773 | D:14     | Identified the +1 war axe of Subterfuge {chop, -Tele +Rage
                  | rPois rN+} (You found it on level 14 of the Dungeon)
 20879 | D:14     | Reached skill level 1 in Poison Magic
 21012 | D:14     | Reached skill level 1 in Air Magic
 21035 | D:14     | Identified 2 scrolls of acquirement
 21100 | D:13     | Got a distressingly furry cloak
 21111 | D:13     | Identified the +2 cloak "Sihix" {Dex+4} (You acquired it on
                  | level 13 of the Dungeon)
 21116 | D:13     | Got a heavily runed helmet
 21128 | D:13     | Identified the -1 helmet of Edolycir {rPois rN++ MR+} (You
                  | acquired it on level 13 of the Dungeon)
 21333 | D:14     | Reached skill level 5 in Conjurations
 21846 | D:14     | Found a gate to the Vaults.
 21942 | D:15     | Entered Level 15 of the Dungeon
 21959 | D:15     | Noticed Louise
 21977 | D:15     | Killed Louise
 21990 | D:15     | Learned a level 6 spell: Iron Shot
 22171 | D:15     | Reached skill level 1 in Polearms
 22171 | D:15     | Reached skill level 12 in Armour
 22319 | D:15     | Noticed Rupert
 22319 | D:15     | Paralysed by Rupert for 4 turns
 22347 | D:15     | Killed Rupert
 22382 | D:15     | Found a gate leading to a gauntlet.
 22382 | D:15     | HP: 4/90 [acid (16)]
 22386 | Gauntlet | Entered a Gauntlet
 22386 | Gauntlet | Found a transporter.
 22386 | Gauntlet | Found a transporter.
 22676 | Gauntlet | Found a transporter.
 22677 | Gauntlet | Found a transporter.
 22688 | Gauntlet | Found a transporter.
 22690 | Gauntlet | Found a transporter.
 22702 | Gauntlet | Found a transporter.
 22712 | Gauntlet | Found a transporter.
 22726 | Gauntlet | Found a transporter.
 22730 | Gauntlet | Found a transporter.
 22741 | Gauntlet | Found a transporter.
 22744 | Gauntlet | Found a transporter.
 22930 | Gauntlet | Got a scorched helmet
 22941 | Gauntlet | Identified the +2 helmet "Damnable Contraption" {rCorr
                  | Int+2} (You found it in a Gauntlet)
 23154 | Gauntlet | Identified the Grimoire of the Oath
 23205 | D:15     | Reached XP level 16. HP: 68/96 MP: 22/22
 23615 | D:15     | Found a staircase to the Depths.
 24582 | D:10     | Killed harkrass's ghost
 24713 | Lair:4   | Learned a level 4 spell: Cause Fear
 24714 | Snake:1  | Entered Level 1 of the Snake Pit
 25051 | Snake:1  | Found a shimmering altar of Xom.
 25157 | Snake:1  | Identified the +7 dire flail "Hydra's Peril" {holy, rF- rN+
                  | Dex+4} (You found it on level 1 of the Snake Pit)
 25389 | Snake:2  | Found Puefior's Food Emporium.
 25390 | Snake:2  | Found Uffadew's Weapon Shop.
 25787 | Snake:2  | Found Netwot's General Store.
 25811 | Snake:2  | Noticed a nagaraja
 25822 | Snake:2  | Killed a nagaraja
 26123 | Snake:2  | Found a runed translucent door.
 26123 | Snake:2  | Noticed RitorJet's ghost (journeyman FoFi)
 26123 | Snake:2  | Noticed a nagaraja
 26289 | Snake:2  | Found Musaokor's General Store.
 26354 | Snake:2  | Bought the +3 broad axe "Vekuumaz" {flame, rC+} for 543
                  | gold pieces
 26354 | Snake:2  | Bought a scroll of teleportation for 45 gold pieces
 26371 | Snake:2  | Found Gysov's Jewellery Emporium.
 26371 | Snake:2  | Found Elunnafi's Gadget Shop.
 26372 | Snake:2  | Found Qappirap's Gadget Shop.
 27223 | Snake:3  | Noticed a nagaraja
 27235 | Snake:3  | Killed a nagaraja
 27622 | Snake:4  | Entered Level 4 of the Snake Pit
 27657 | Snake:4  | Reached skill level 15 in Shields
 28020 | Snake:4  | Reached XP level 17. HP: 86/100 MP: 24/24
 28020 | Snake:4  | Reached skill level 10 in Invocations
 29027 | Snake:4  | Reached skill level 15 in Axes
 29341 | Snake:4  | Reached skill level 5 in Polearms
 29520 | Snake:4  | Got a serpentine rune of Zot
 29846 | Shoals:1 | Entered Level 1 of the Shoals
 30819 | Shoals:2 | Reached XP level 18. HP: 106/106 MP: 26/26
 30846 | Shoals:2 | Noticed Polyphemus
 30931 | Shoals:2 | Found Laeddan's General Store.
 30951 | Shoals:2 | Bought a scroll of identify for 34 gold pieces
 30951 | Shoals:2 | Bought a scroll of brand weapon for 340 gold pieces
 30951 | Shoals:2 | Bought a scroll of teleportation for 51 gold pieces
 31002 | Shoals:2 | Found a frozen archway.
 31026 | IceCv    | Entered an ice cave
 31985 | IceCv    | Got a warped hunting sling
 32042 | Shoals:2 | Reached skill level 10 in Polearms
 32076 | Shoals:2 | Identified the +6 hunting sling of Watchfulness {flame,
                  | -Tele rElec MP+9 Stlth+} (You found it in an ice cave)
 32219 | Shoals:2 | Found Tedi's Gadget Emporium.
 32255 | Shoals:2 | Cast into level 3 of the Abyss (merfolk javelineer)
 32500 | Abyss:3  | Reached skill level 13 in Armour
 32630 | Abyss:3  | Noticed a bone dragon
 32648 | Abyss:3  | Killed a bone dragon
 32671 | Shoals:2 | Escaped the Abyss
 32684 | Shoals:2 | HP: 4/106 [Polyphemus/large rock (20)]
 32851 | Shoals:2 | Reached skill level 14 in Armour
 33247 | Shoals:2 | Found Gotraus's Weapon Shop.
 33399 | Shoals:2 | Killed Polyphemus
 34439 | Shoals:3 | Noticed Nikola
 34461 | Shoals:3 | Killed Nikola
 34558 | Shoals:3 | Reached skill level 15 in Armour
 34611 | Shoals:3 | Identified the Volume of Good Luck and Envenoming
 34778 | Shoals:3 | Reached XP level 19. HP: 33/110 MP: 27/27
 35683 | Shoals:4 | Entered Level 4 of the Shoals
 36072 | Shoals:4 | Noticed Ilsuiw
 36078 | Shoals:4 | Reached skill level 1 in Hexes
 36323 | Shoals:4 | Killed Ilsuiw
 36673 | Shoals:4 | Reached skill level 16 in Armour
 36673 | Shoals:4 | Reached skill level 5 in Spellcasting
 37064 | Shoals:4 | Identified the +5 scythe of Juleeli {drain, rF+ MR+}
 37473 | Shoals:4 | Got a barnacled rune of Zot
 38031 | Orc:1    | Entered Level 1 of the Orcish Mines
 38031 | Orc:1    | Noticed Josephine
 38038 | Orc:1    | Killed Josephine
 38087 | Orc:1    | Found Penkoxt's Jewellery Shoppe.
 38206 | D:12     | Identified the +6 hand axe of Propriety {vamp, MR+} (You
                  | found it on level 12 of the Dungeon)
 38399 | Orc:2    | Entered Level 2 of the Orcish Mines
 38399 | Orc:2    | Found a staircase to the Elven Halls.
 38601 | Orc:2    | Reached skill level 10 in Fighting
 38722 | Orc:2    | Found a roughly hewn altar of Beogh.
 38731 | Orc:2    | Found Fiecadu's Distillery.
 38778 | Orc:2    | Found Duosu's Food Shoppe.
 39229 | Orc:2    | Found Luohaula's Food Shoppe.
 39341 | Orc:2    | Found Buudoerph's General Store.
 39462 | Orc:2    | Bought the +3 pair of gauntlets of War {Slay+5} for 570
                  | gold pieces
 39462 | Orc:2    | Found the +3 pair of gauntlets of War {Slay+5}
 39520 | Orc:1    | Noticed Urug
 39792 | Orc:1    | Killed Urug
 39816 | Orc:2    | Bought a potion of curing for 36 gold pieces
 39816 | Orc:2    | Bought a potion of might for 48 gold pieces
 39842 | Elf:1    | Entered Level 1 of the Elven Halls
 39919 | Elf:1    | Found a glowing golden altar of the Shining One.
 39919 | Elf:1    | Found a glowing silver altar of Zin.
 39927 | Elf:1    | Found a white marble altar of Elyvilon.
 39927 | Elf:1    | Found a ruined gateway.
 39993 | Desolati | Entered the Desolation of Salt
 40232 | Desolati | Reached XP level 20. HP: 110/117 MP: 28/28
 40281 | Desolati | Identified the ring "Fuecs" {Str+5 Slay+2 Stlth-}
 40354 | Desolati | Reached skill level 5 in Hexes
 41081 | Desolati | Found the +3 salamander hide armour {+Rage rF++}
 41084 | Desolati | Identified the Handbook of Augmentations and Poisoning
 41480 | Desolati | Found the +12 glaive of Prune {chop}
 41522 | Desolati | Got a warped bardiche
 41528 | Desolati | Identified the +6 bardiche of a bazaar {protect, rElec
                  | rPois Str+2 Stlth+} (You found it in the Desolation of
                  | Salt)
 42237 | Desolati | Reached skill level 17 in Armour
 42474 | Elf:1    | Found Ciny's Jewellery Shoppe.
 42685 | Elf:1    | Found an ancient bone altar of Kikubaaqudgha.
 42766 | Elf:1    | Learned a level 5 spell: Aura of Abjuration
 42925 | Elf:1    | Noticed a Brimstone Fiend
 43196 | Elf:2    | Found Fefemur's Weapon Shoppe.
 43320 | Elf:2    | Found a runed translucent gate.
 43338 | Elf:2    | Found a runed translucent gate.
 43364 | Elf:2    | Reached skill level 1 in Dodging
 43508 | Elf:2    | Reached XP level 21. HP: 46/124 MP: 31/31
 43728 | Elf:2    | Found a runed translucent gate.
 44619 | Elf:3    | Entered Level 3 of the Elven Halls
 44750 | Elf:3    | Identified the ring of the Original Sin {*Tele Str+3 Dex+5}
 44786 | Elf:3    | Identified the ring "Hohibb" {Int+4 Slay+2}
 44813 | Elf:3    | Identified the +3 great mace of Extinguishment {freeze, rC+
                  | MR+ Int+2}
 44813 | Elf:3    | Identified the ring of the Skies Above {rPois rF+ Str+4}
 45105 | Elf:3    | Identified the +6 quarterstaff of Obakiyde {drain, rN+
                  | Int+4}
 45187 | Elf:3    | Found the +2 Maxwell's thermic engine {flame, freeze}
 45225 | Elf:3    | Got an ancient platinum ring
 45228 | Elf:3    | Identified the ring of the Duchess {*Corrode rF+ Dex+3
                  | SInv} (You found it on level 3 of the Elven Halls)
 45246 | Elf:3    | Identified the Volume of Summoning and Flight
 45250 | Elf:3    | Got a pair of transparent boots
 45283 | Elf:3    | Identified the cursed +0 pair of boots "Rumnon" {Str+3
                  | Slay+2} (You found it on level 3 of the Elven Halls)
 45450 | Elf:3    | Identified the cursed +3 rapier of Purpose {flame, rPois
                  | Int+2}
 45904 | Elf:3    | Found Bybuig's Food Boutique.
 46207 | Elf:3    | Learned a level 6 spell: Freezing Cloud
 46606 | Vaults:1 | Entered Level 1 of the Vaults
 46793 | Vaults:1 | Reached skill level 5 in Fire Magic
 46951 | Vaults:1 | Reached skill level 18 in Armour
 47035 | Vaults:1 | Reached XP level 22. HP: 132/132 MP: 33/33
 48190 | Vaults:2 | Learned a level 2 spell: Corpse Rot
 48239 | Vaults:2 | Found Qyolo's Magic Scroll Emporium.
 48329 | Vaults:2 | Reached skill level 1 in Necromancy
 49224 | Vaults:2 | Found the +2 shield of Resistance {rF+ rC+ MR+}
 49428 | Vaults:2 | Noticed Mara
 49447 | Vaults:2 | Killed Mara
 50161 | Vaults:3 | Found a sacrificial altar of Ru.
 50298 | Vaults:3 | Reached XP level 23. HP: 138/138 MP: 35/35
 50430 | Vaults:3 | Reached skill level 5 in Dodging
 50477 | Vaults:3 | Noticed Frederick
 50490 | Vaults:3 | Killed Frederick
 50539 | Vaults:3 | Reached skill level 19 in Armour
 50972 | Vaults:3 | Found a staircase to the Crypt.
 50972 | Vaults:3 | Found a basalt altar of Yredelemnul.
 50973 | Vaults:3 | Found an ancient bone altar of Kikubaaqudgha.
 52442 | Depths:1 | Entered Level 1 of the Depths
 52452 | Depths:1 | Found a magical portal.
 52468 | WizLab   | Entered Lehudib's Moon Base
 52485 | WizLab   | Reached skill level 1 in Ice Magic
 52615 | WizLab   | Found a transporter.
 53045 | WizLab   | Gained mutation: Scrolls take you a little longer to read.
                  | [a cacodemon]
 53047 | WizLab   | Gained mutation: You are robust. (+10% HP) [a cacodemon]
 53052 | WizLab   | Gained mutation: You tend to lose your temper in combat. [a
                  | cacodemon]
 53106 | WizLab   | Lost mutation: You are robust. (+10% HP) [potion of
                  | mutation]
 53106 | WizLab   | Lost mutation: Scrolls take you a little longer to read.
                  | [potion of mutation]
 53106 | WizLab   | Lost mutation: You tend to lose your temper in combat.
                  | [potion of mutation]
 53106 | WizLab   | Gained mutation: You have an increased reservoir of magic.
                  | (+10% MP) [potion of mutation]
 53455 | WizLab   | Paralysed by accursed screaming for 2 turns
 53459 | WizLab   | Paralysed by accursed screaming for 2 turns
 54084 | WizLab   | Reached XP level 24. HP: 145/145 MP: 40/40
 54324 | WizLab   | Reached skill level 5 in Air Magic
 54440 | WizLab   | Found a transporter.
 54520 | WizLab   | Identified a +2 pair of boots of running (You found it in a
                  | wizard's laboratory)
 54736 | WizLab   | Got a shimmering ivory ring
 54775 | WizLab   | Identified Lehudib's Tome of Earth and Attacks
 54814 | WizLab   | Identified the ring of Hukegum {*Tele rElec rF+} (You found
                  | it in a wizard's laboratory)
 55133 | Depths:1 | Found a shimmering blue altar of Sif Muna.
 55261 | Depths:1 | Found a gateway to Hell.
 55340 | Depths:1 | Reached skill level 5 in Ice Magic
 55342 | Depths:1 | Reached skill level 20 in Armour
 55375 | Depths:1 | Gained mutation: You occasionally shout uncontrollably at
                  | your foes. [a neqoxec]
 55399 | Depths:1 | Found a one-way gate leading to the halls of Pandemonium.
 55510 | Depths:1 | Reached skill level 10 in Spellcasting
 55952 | Depths:1 | Found a runed translucent door.
 55952 | Depths:1 | Noticed an ancient lich
 55993 | Depths:1 | Found a runed translucent door.
 56525 | Depths:1 | Identified the +11 broad axe of the Briny Deep {chop, rElec
                  | Int+2 SInv} (You found it on level 1 of the Depths)
 56726 | D:12     | You paid a toll of +3 ice dragon scales to enter a treasure
                  | trove
 56727 | Trove    | Entered a treasure trove
 56737 | Trove    | Got a blackened war axe
 56747 | Trove    | Got a warped scimitar
 56751 | Trove    | Got a warped executioner's axe
 56765 | Trove    | Got a steaming quarterstaff
 56772 | D:12     | Identified the +0 war axe of Hell's Wrath {chop, rElec
                  | rPois Str+2 Stlth+} (You found it in a treasure trove)
 56788 | D:12     | Identified the +8 scimitar of Experimentation {protect,
                  | +Blink Str+3} (You found it in a treasure trove)
 56789 | D:12     | Identified the +6 executioner's axe "Lakein" {vamp, Str+4}
                  | (You found it in a treasure trove)
 56790 | D:12     | Identified the +8 quarterstaff "Ownusi" {crush, Str+2} (You
                  | found it in a treasure trove)
 56992 | Depths:1 | Killed an ancient lich
 57041 | Depths:1 | Learned a level 3 spell: Ignite Poison
 57046 | Depths:1 | Learned a level 4 spell: Olgreb's Toxic Radiance
 57100 | Depths:2 | Got a crude tin ring
 57101 | Depths:2 | Identified the ring "Kumyjipt" {*Corrode rC+ rN+ Str+3}
                  | (You found it on level 2 of the Depths)
 57169 | Depths:2 | Found an iron altar of Okawaru.
 57206 | Depths:2 | Reached XP level 25. HP: 152/152 MP: 41/41
 58265 | Depths:3 | Paralysed by a floating eye for 3 turns
 58396 | Depths:3 | Reached skill level 21 in Armour
 58549 | Depths:3 | Identified the ring "Buomm" {rPois MR+++ MP-9 EV+3 Dex-5}
                  | (You found it on level 3 of the Depths)
 58659 | Depths:3 | Learned a level 5 spell: Silence
 59512 | Depths:4 | Reached skill level 10 in Conjurations
 59644 | Depths:4 | Found a gateway to a ziggurat.
 59647 | Depths:4 | Paralysed by a floating eye for 2 turns
 59649 | Depths:4 | Paralysed by a floating eye for 4 turns
 59749 | Depths:4 | Found a one-way gate to the infinite horrors of the Abyss.
 60263 | Depths:5 | Entered Level 5 of the Depths
 60277 | Depths:5 | Reached XP level 26. HP: 160/160 MP: 42/42
 60709 | Depths:5 | Found a gate to the Realm of Zot.
 60738 | Depths:5 | Reached skill level 15 in Fighting
 60871 | Depths:5 | Reached skill level 10 in Ice Magic
 61775 | Vaults:5 | Entered Level 5 of the Vaults
 61775 | Vaults:5 | Noticed Bai Suzhen
 61813 | Vaults:5 | Killed Bai Suzhen
 61819 | Vaults:5 | Noticed an ancient lich
 61839 | Vaults:5 | Reached skill level 22 in Armour
 62028 | Vaults:5 | Identified the +5 scythe of the Hawk {slice, +Blink}
 62033 | Vaults:5 | Identified the +5 scimitar "Ruawu" {venom, *Drain rPois
                  | rF+}
 62033 | Vaults:5 | Identified the +1 chain mail "Yquibles" {rF+ MR+ Int+2
                  | Dex+3}
 62047 | Vaults:5 | Cast into level 2 of the Abyss (a deep elf sorcerer)
 62249 | Abyss:2  | Paralysed by accursed screaming for 2 turns
 62519 | Vaults:5 | Escaped the Abyss
 62541 | Vaults:5 | Identified the +8 long sword "Newtslayer" {venom, *Corrode
                  | rF+++ rN++ Dex+2}
 62563 | Vaults:5 | Reached XP level 27. HP: 155/166 MP: 42/42
 62598 | Vaults:5 | Killed an ancient lich
 62602 | Vaults:5 | Identified the +5 scale mail "Wukasekk" {*Drain rF+ rN+
                  | Regen+}
 62747 | Vaults:5 | Reached skill level 10 in Air Magic
 62810 | Vaults:5 | Got a silver rune of Zot
 62986 | Vaults:5 | Identified the Almanac of Boosting Conjuration
 63006 | Vaults:5 | Identified the +1 pair of boots of Eklyejuyr {+Fly Int+4
                  | Slay-6} (You found it on level 5 of the Vaults)
 63054 | Vaults:5 | Identified the Guide on Twisted Attacks
 63256 | Vaults:5 | Identified Buoxiobb's Almanac of the Mutagenic Entourage
 63758 | Crypt:1  | Entered Level 1 of the Crypt
 64930 | Crypt:2  | Reached skill level 10 in Dodging
 65634 | Crypt:3  | Entered Level 3 of the Crypt
 65847 | Crypt:3  | Found an ancient bone altar of Kikubaaqudgha.
 66132 | Crypt:3  | Learned a level 3 spell: Lesser Beckoning
 66384 | Crypt:3  | Found the +5 scythe "Finisher" {speed, eviscerate}
 66416 | Crypt:3  | Identified the +8 war axe "Leum" {chop, Dex+3} (You found
                  | it on level 3 of the Crypt)
 66684 | Crypt:3  | Found a staircase to the Tomb.
 66684 | Crypt:3  | Noticed Khufu
 66696 | Crypt:3  | Killed Khufu
 66696 | Crypt:3  | Reached skill level 23 in Armour
 67477 | Zot:1    | Entered Level 1 of the Realm of Zot
 67995 | Zot:1    | Identified the +9 plate armour of Inference {MR+ Str+2}
                  | (You found it on level 1 of the Realm of Zot)
 69086 | Zot:2    | Noticed an orb of fire
 69089 | Zot:2    | Lost mutation: You have an increased reservoir of magic.
                  | (+10% MP) [an orb of fire]
 69099 | Zot:2    | Gained mutation: Scrolls take you a little longer to read.
                  | [an orb of fire]
 69108 | Zot:2    | Killed an orb of fire
 69141 | Zot:2    | Lost mutation: Scrolls take you a little longer to read.
                  | [potion of mutation]
 69141 | Zot:2    | Lost mutation: You occasionally shout uncontrollably at
                  | your foes. [potion of mutation]
 69141 | Zot:2    | Gained mutation: Your magical capacity is low. (-10% MP)
                  | [potion of mutation]
 69141 | Zot:2    | Gained mutation: Your spells are a little easier to cast,
                  | but a little less powerful. [potion of mutation]
 69141 | Zot:2    | Gained mutation: Your spells are easier to cast, but less
                  | powerful. [potion of mutation]
 69141 | Zot:2    | Gained mutation: You have a beak for a mouth. [potion of
                  | mutation]
 69142 | Zot:2    | Lost mutation: Your magical capacity is low. (-10% MP)
                  | [potion of mutation]
 69142 | Zot:2    | Lost mutation: Your spells are easier to cast, but less
                  | powerful. [potion of mutation]
 69142 | Zot:2    | Gained mutation: Your flesh is cold resistant. (rC+)
                  | [potion of mutation]
 69142 | Zot:2    | Gained mutation: You are agile. (Dex +2) [potion of
                  | mutation]
 69142 | Zot:2    | Gained mutation: You are resistant to hostile enchantments.
                  | (MR+) [potion of mutation]
 69249 | Zot:2    | Noticed an ancient lich
 69307 | Zot:2    | Found a shimmering blue altar of Sif Muna.
 69307 | Zot:2    | Noticed an orb of fire
 69311 | Zot:2    | Found a transporter.
 69311 | Zot:2    | Noticed an orb of fire
 69312 | Zot:2    | Noticed an ancient lich
 69313 | Zot:2    | Found the +4 robe of Augmentation {Str+4 Int+4 Dex+4}
 69322 | Zot:2    | You are sucked into a shaft and drop 1 floor!
 70209 | Zot:3    | Noticed an orb of fire
 70209 | Zot:3    | Lost mutation: You are agile. (Dex +2) [an orb of fire]
 70219 | Zot:3    | Gained mutation: Your spells are easier to cast, but less
                  | powerful. [an orb of fire]
 70227 | Zot:3    | Gained mutation: Your magical capacity is low. (-10% MP)
                  | [an orb of fire]
 70233 | Zot:3    | Killed an orb of fire
 70233 | Zot:3    | Reached skill level 1 in Summonings
 71079 | Zot:4    | Identified the cursed +0 plate armour "Jaukluc" {rF+ rCorr
                  | Int-5} (You found it on level 4 of the Realm of Zot)
 71129 | Zot:4    | Identified the Handbook of Battle Magic
 72111 | Zot:5    | Entered Level 5 of the Realm of Zot
 72308 | Zot:5    | Reached skill level 5 in Summonings
 72331 | Zot:5    | Learned a level 5 spell: Bolt of Draining
 72368 | Zot:5    | Reached skill level 24 in Armour
 72511 | Zot:5    | Noticed an orb of fire
 72512 | Zot:5    | Noticed an orb of fire
 72515 | Zot:5    | Noticed an orb of fire
 72515 | Zot:5    | Noticed an orb of fire
 72516 | Zot:5    | Noticed an ancient lich
 72519 | Zot:5    | Noticed an orb of fire
 72534 | Zot:5    | Noticed an ancient lich
 72535 | Zot:5    | Gained mutation: You are dopey. (Int -2) [an orb of fire]
 72536 | Zot:5    | Killed an orb of fire
 72538 | Zot:5    | Gained mutation: Your body sometimes deteriorates upon
                  | taking damage. [an orb of fire]
 72556 | Zot:5    | Killed an orb of fire
 72569 | Zot:5    | Noticed an ancient lich
 72581 | Zot:5    | Mangled by an Orb Guardian

Levels and vault maps discovered:
D:1:      lightli_arrival_maybe_door_vault, layout_basic
D:2:      layout_basic, minmay_misc_feat_pillars
D:3:      layout_rooms, elyvilon_altar_3, lemuel_crystal_altar,
          chequers_ecumenical_altar_simple, minivault_11, corner_web_ring
D:4:      layout_loops_cross, vehumet_statue, first_ration, uniq_natasha,
          uniq_ijyb
D:5:      layout_loops_ring, nicolae_tso_swordbearing_angel,
          minmay_temple_entry_sparse_star, serial_shops, shop,
          kennysheep_big_empty_room, nicolae_dithmenos_shadow_blocks,
          uniq_grinder, uniq_menkaure, uniq_pikel, uniq_duvessa
D:6:      layout_basic, hangedman_ru_absence, st_stairs_3,
          minmay_misc_feat_five, hangedman_decor_growths,
          minmay_manual_macuahuitl
D:7:      layout_loops_ring, kennysheep_little_box,
          lemuel_mausoleum_altar_kikubaaqudgha, basic_altar
D:8:      layout_layer_cave, old_standard_altar, lair_entry_dummy
D:9:      layout_roguey, overflow_temple_1_default, erik_orc_1,
          minmay_misc_feat_doors, uniq_maurice, uniq_harold
D:10:     minmay_the_grid_4x2 [minmay_the_grid_garden,
          minmay_the_grid_holed_spiral, minmay_the_grid_expand,
          minmay_the_grid_spikes, minmay_the_grid_paths,
          minmay_the_grid_large_cup, minmay_the_grid_plusring,
          minmay_the_grid_prize_four_corners], layout_gridville, serial_shops,
          kennysheep_mini_moat, gammafunk_ghost_grave, hangedman_stone_soup,
          uniq_fannar, uniq_gastronok
D:11:     layout_gridville, minivault_14, nicolae_straight_to_the_point
D:12:     layout_loops_ring, enter_trove_1, serial_shops, shop_statue,
          kennysheep_another_room
D:13:     layout_cross, fedhas_altar_2
D:14:     layout_irregular_city, grunt_vaults_entry_tiered, kennysheep_donut,
          hangedman_abyss_or_decor_lesser_grid, chequers_jeans
D:15:     hangedman_depths_entry_civil_slaughter, layout_small_grid,
          gauntlet_entry_generic, dk_noncrumbling_3, uniq_rupert, uniq_louise
Lair:1:   layout_cave_pods, lemuel_fruit_fields, grunt_megastairs_5, uniq_joseph
Lair:2:   layout_hall_layers
Lair:3:   layout_roguey [special_room_bee]
Lair:4:   gammafunk_cloud_chamber, layout_cave_pods, elwin_shoals_entry_rooms,
          guppyfry_snake_entry_island, uniq_kirke
Lair:5:   layout_layer_cave, slime_altar_1, minmay_lair_oklob_bushes,
          serial_bayou_shore_a
Lair:6:   evilmike_catoblepas_cave, layout_long_grid, grunt_megastairs_2
Shoals:1: layout_shoals
Shoals:2: layout_shoals, portal_ice_cave_entry_frozen_things, serial_shops,
          shop, nicolae_shop_crystal, shop, nicolae_shoals_mertower,
          uniq_polyphemus
Shoals:3: layout_shoals, nicolae_shoals_kraken_party, uniq_nikola
Shoals:4: shoals_end_hangedman, layout_shoals, shoals_ilsuiw_ice
Snake:1:  layout_basic, basic_altar
Snake:2:  layout_rooms, serial_shops, shop, shop, shop, shop,
          ebering_ghost_inner_flame, minmay_shop_grove, serial_bayou_shore_b
Snake:3:  layout_grid_maze
Snake:4:  snake_pit, layout_rooms, st_stairs_8
Orc:1:    layout_caves, serial_shops, nicolae_shop_window_shopping,
          uniq_josephine, uniq_urug
Orc:2:    st_orc_town, layout_caves
Elf:1:    layout_loops_cross, serial_shops, shop, basic_altar,
          portal_desolation_entry_holy_temple, hangedman_elf_represent
Elf:2:    layout_rooms, serial_shops, nicolae_shop_trees
Elf:3:    minmay_elf_hall_curves, layout_geoelf_grid, serial_shops,
          nicolae_shop_crystal
Vaults:1: nicolae_vaults_network_s, grunt_vaults_hallway_short,
          nicolae_vaults_network_star, vaults_standard_mumra_lines,
          vaults_room_ringed_pool, vaults_mumra_chevron, grunt_vaults_focal,
          nicolae_vaults_what_the_h, nicolae_vaults_shelves_hall,
          hangedman_vaults_unwind, v_pattern_5, vaults_room_pools,
          ontoclasm_vaults_shuriken, vaults_dpeg_ring, layout_vaults_omnicross
Vaults:2: vaults_standard_mumra_x, nicolae_vaults_gold_heap,
          nicolae_vaults_arrows, hangedman_vaults_snaps, hangedman_vaults_pinch,
          v_misc_1, vaults_room_hangedman_quadrants, vaults_mumra_minichess,
          vaults_mumra_chevron_long, nicolae_vaults_little_squares_6,
          layout_vaults_omnigrid, serial_shops,
          nicolae_shop_temple_entry_statues_fountains, uniq_mara
Vaults:3: hangedman_vaults_corner_blocks, minmay_crypt_entry_necro_gods,
          v_rooms_2, v_alt_pattern_5, v_alt_pattern_1, nicolae_vaults_theta,
          vaults_room_pools, layout_vaults_big_room, basic_altar, uniq_frederick
Vaults:4: nicolae_vaults_network_periphery, hangedman_vaults_stream,
          vaults_room_octagon, v_misc_4, nicolae_vaults_circle_grid_a,
          hangedman_vaults_stretched_pinwheel, layout_vaults_ring
Vaults:5: serial_shops, uniq_bai_suzhen
Crypt:1:  layout_misc_corridors, grunt_crypt_arrival_guarded_gate
Crypt:2:  layout_catacombs
Crypt:3:  grunt_crypt_end_deaths_head
Depths:1: cheibrodos_witchhunters_guild, layout_cave_pools, old_standard_altar,
          rand_demon_pan_entry_3, mu_enter_wizlab_4, hell_entry,
          serial_sigils_hangedman_leer, serial_bayou_pond_a,
          corexii_hall_statues_i, kennysheep_generic_room_15
Depths:2: minmay_isolated_rectangles_in_corner, layout_cave_shapes,
          okawaru_ov_weapons_minmay, hangedman_tar_grid_catacomb,
          minmay_staircase_bubble
Depths:3: minmay_skeleton_keep, layout_cave_pools, hell_entry,
          rand_demon_pan_entry_9, chequers_decorated_corner, minmay_door_square,
          kennysheep_random_hallway
Depths:4: cheibrodos_birdhouse, layout_long_grid, enter_ziggurat_c,
          patterned_corridor, minmay_room_of_horrors, hell_entry
Depths:5: evilmike_zot_entry_argh, layout_cave_pools, pf_coc_iceberg,
          hangedman_decor_slide_cut, kennysheep_kite_vault
Zot:1:    layout_basic, drop_trap
Zot:2:    gammafunk_sealed_library, layout_onion, st_stairs_3
Zot:3:    layout_basic, lemuel_baited_zot_trap, grunt_megastairs_4
Zot:4:    layout_cathedral_of_symmetry, st_small_dragon_hoard_4
Zot:5:    layout_twisted_circle, st_stairs_3, drop_trap

Skill      XL: |  1  2  3  4  5  6  7  8  9 10 11 12 13 14 15 16 17 18 19 20 21 22 23 24 25 26 27 |
---------------+----------------------------------------------------------------------------------+-----
Axes           | 2 3 4 5 6 8 10 12 13 15 | 15.0
Invocations    | 1 3 4 6 7 8 9 11 12 | 12.7
Armour         | 6 8 9 10 11 12 15 16 17 18 19 20 21 22 24 | 24.2
Shields        | 6 8 9 10 11 12 15 16 17 18 22 | 22.0
Fighting       | 4 6 7 8 9 10 11 12 13 14 15 17 | 17.2
Maces & Flails | 2 5 6 8 9 |  9.9
Conjurations   | 3 4 6 7 8 9 10 11 13 | 13.0
Fire Magic     | 3 4 5 6 8 |  8.5
Spellcasting   | 2 3 4 5 6 7 8 9 10 11 12 13 | 13.7
Translocations | 3 |  3.0
Poison Magic   | 3 4 |  4.3
Air Magic      | 3 4 6 7 9 11 | 11.9
Polearms       | 2 3 7 10 | 10.5
Hexes          | 4 7 8 |  8.2
Dodging        | 1 3 4 6 7 8 9 11 | 11.4
Necromancy     | 3 |  3.0
Ice Magic      | 3 7 9 10 12 | 12.2
Summonings     | 6 |  6.2

Action                   |  1- 3 |  4- 6 |  7- 9 | 10-12 | 13-15 | 16-18 | 19-21 | 22-24 | 25-27 || total
-------------------------+-------+-------+-------+-------+-------+-------+-------+-------+-------++-------
Melee: War axe           |    63 |   181 |   305 |   251 |    29 |       |       |       |       ||   829
       Flail             |       |       |       |   603 |  1308 |    36 |       |       |       ||  1947
       Unarmed           |       |       |       |     7 |       |       |       |       |       ||     7
       Broad axe         |       |       |       |       |   123 |   732 |   405 |       |     7 ||  1267
       Demon trident     |       |       |       |       |       |   618 |   496 |       |    12 ||  1126
       Hand axe          |       |       |       |       |       |       |  1001 |  1814 |  2076 ||  4891
       Whip              |       |       |       |       |       |       |    26 |   125 |       ||   151
       Sacred scourge    |       |       |       |       |       |       |       |   126 |  1431 ||  1557
       Peck              |       |       |       |       |       |       |       |       |   292 ||   292
 Cast: Blink             |       |       |       |       |       |       |       |     2 |     1 ||     3
       Corpse Rot        |       |       |       |       |       |       |       |     1 |       ||     1
       Ignite Poison     |       |       |       |       |       |       |       |       |     5 ||     5
       Olgreb's Toxic Ra |       |       |       |       |       |       |       |       |     4 ||     4
       Freezing Cloud    |       |       |       |       |       |       |       |       |    10 ||    10
       Fireball          |       |       |       |       |       |       |       |       |     1 ||     1
       Bolt of Draining  |       |       |       |       |       |       |       |       |     1 ||     1
       Silence           |       |       |       |       |       |       |       |       |     1 ||     1
       Aura of Abjuratio |       |       |       |       |       |       |       |       |     1 ||     1
Invok: Slouch            |       |       |       |       |       |     8 |     4 |       |     3 ||    15
       Step From Time    |       |       |       |       |       |     3 |       |     1 |       ||     4
 Abil: Fly               |       |       |       |       |     1 |       |       |       |       ||     1
Evoke: Wand              |       |       |       |       |       |       |       |       |     1 ||     1
  Use: Scroll            |       |     2 |     5 |    12 |    20 |    15 |     7 |    17 |    26 ||   104
       Potion            |       |     1 |     2 |     1 |     5 |    16 |       |     4 |     8 ||    37
 Stab: Invisible         |       |       |       |       |       |     3 |       |       |       ||     3
       Distracted        |       |       |       |       |       |     1 |       |     3 |     1 ||     5
       Paralysed         |       |       |       |       |       |       |       |       |     1 ||     1
  Eat: Chunk             |       |     5 |     6 |    14 |    15 |    10 |    10 |    16 |    15 ||    91
       Ration            |       |       |       |       |     2 |     4 |     4 |     2 |     6 ||    18
Armor: Scale mail        |     6 |       |       |       |       |       |       |       |       ||     6
       Chain mail        |    42 |   128 |   160 |    29 |       |       |       |       |       ||   359
       Plate armour      |       |       |       |   442 |   794 |   660 |   615 |   413 |   325 ||  3249
       Gold dragon scale |       |       |       |       |       |       |       |       |   930 ||   930
Dodge: Dodged            |    26 |    35 |    57 |   162 |   302 |   280 |   222 |   336 |  1273 ||  2693
       Deflected         |       |       |       |       |       |       |       |       |     9 ||     9
Block: Shield            |    43 |   126 |   198 |   637 |  1623 |  1583 |   976 |  1207 |  3897 || 10290
       Reflection        |       |       |       |       |    64 |   227 |   131 |   163 |    79 ||   664
       Large shield      |       |       |       |       |       |       |   813 |   594 |       ||  1407
